 Dungeon Crawl Stone Soup version 0.15-a0-1253-g15b4f57 (webtiles) character file.

3551 BluebellGnoll the Thaumaturge (level 9, -14/45 HPs)
             Began as a Deep Elf Fire Elementalist on June 4, 2014.
             Was a Believer of Sif Muna.
             Hit by a tomahawk thrown by an orc warrior (18 damage)
             ... on Level 8 of the Dungeon.
             The game lasted 01:13:52 (8671 turns).

BluebellGnoll the Thaumaturge (DEFE)                Turns: 8671, Time: 01:13:53

HP -14/45        AC  3     Str  5      XL: 9   Next: 83%
MP  20/30        EV 16     Int 24      God: Sif Muna [**....]
Gold 334         SH  0     Dex 15      Spells:  7 memorised,  6 levels left

rFire  + . .     SeeInvis .     h - +2,+1 short sword (holy)
rCold  . . .     Clarity  .     i - +1 robe
rNeg   . . .     rCorr    .     (no shield)
rPois  .         rRot     .     (no helmet)
rElec  .         Spirit   .     (no cloak)
SustAb .         Warding  .     (no gloves)
rMut   .         Stasis   .     (no boots)
Gourm  .                        (no amulet)
MR     .....                    u - ring of stealth
                                b - ring of protection from fire

@: not resistant to hostile enchantments, fairly stealthy
A: no striking features
a: Channel Energy, Forget Spell, Renounce Religion


You were on level 8 of the Dungeon.
You worshipped Sif Muna.
Sif Muna was pleased with you.
You were not hungry.

You visited 2 branches of the dungeon, and saw 9 of its levels.

You collected 334 gold pieces.

Inventory:

Hand weapons
 g - the +2,+7 shortbow of Gugopsuo {speed, rF+ Int+4, unknown}
   (You found it on level 8 of the Dungeon)

   Attacks with this weapon are significantly faster.
   It affects your intelligence (+4).
   It protects you from fire.
 h - a +2,+1 short sword of holy wrath (weapon)
 q - a +3,+1 dagger of protection
 t - a +0,+4 quarterstaff of protection
 v - a +0,+2 sling of velocity
 C - a +1,+2 dagger of venom
Missiles
 E - 4 steel javelins (quivered)
Armour
 i - a +1 robe (worn)
Magical devices
 a - a wand of flame (11) {unknown}
 j - a wand of invisibility (5)
Comestibles
 c - 6 bread rations
Scrolls
 d - 2 scrolls of fog
 f - a scroll of enchant armour
 l - a scroll of fear
 p - a scroll of remove curse
 w - a scroll of amnesia
Jewellery
 b - a ring of protection from fire (left hand)
 n - an uncursed ring of flight
 u - a ring of stealth (right hand)
 z - an uncursed ring of protection from cold
Potions
 e - a potion of paralysis {unknown}
 k - 2 potions of might {unknown}
 m - 2 potions of haste {unknown}
 o - 2 potions of invisibility
 s - 3 potions of heal wounds
 x - 4 potions of curing
 D - a potion of resistance {unknown}
Books
 I - a book of Control

   Spells                             Type                      Level
   Control Teleport                   Charms/Translocation         4
   Control Undead                     Necromancy                   4
   *Enslavement                       Hexes                        4
   Metabolic Englaciation             Hexes/Ice                    5
   Mass Confusion                     Hexes                        6


   Skills:
 * Level 7.2 Dodging
 - Level 2.4 Stealth
 + Level 10.4 Spellcasting
 - Level 10.0 Conjurations
 * Level 4.8 Hexes
 * Level 4.7 Fire Magic


You had 6 spell levels left.
You knew the following spells:

 Your Spells              Type           Power        Failure   Level  Hunger
a - Flame Tongue          Conj/Fire      #####        1%          1    None
b - Throw Flame           Conj/Fire      #####.       1%          2    None
c - Conjure Flame         Conj/Fire      #####...     1%          3    None
d - Inner Flame           Hex/Fire       #####...     2%          3    None
e - Sticky Flame          Conj/Fire      #####...     2%          4    None
f - Fireball              Conj/Fire      #####.....   10%         5    ###....
g - Enslavement           Hex            #####...     10%         4    None


Dungeon Overview and Level Annotations

Branches:
Dungeon (8/15)             Temple (1/1) D:7
   Lair: D:8-11

Altars:
Dithmenos
Elyvilon
Gozag
Nemelex Xobeh
Qazlal
Sif Muna
Zin

Shops:
D:5 :   D:8 [

Annotations:
D:8 Edmund


Message History

an uncursed dagger; a +2 ring of evasion
There is a stone staircase leading up here.
Casting: Throw Flame
Confirm with . or Enter, or press ? or * to list all spells.
Aiming: Throw Flame
Press: ? - help, Shift-Dir - straight line, f/p - orc warrior
Aim: an orc warrior, wielding a flail and wearing a chain mail (lightly wounded)
The puff of flame hits the orc warrior.
The orc warrior is moderately wounded.
The orc warrior throws a tomahawk.
The tomahawk barely misses you.
Casting: Throw Flame
Confirm with . or Enter, or press ? or * to list all spells.
Aiming: Throw Flame
Press: ? - help, Shift-Dir - straight line, f/p - orc warrior
Aim: an orc warrior, wielding a flail and wearing a chain mail (moderately wounded)
The puff of flame misses the orc warrior.
The orc warrior throws a tomahawk.
The tomahawk hits you!
* * * LOW HITPOINT WARNING * * *
The orc warrior throws a tomahawk.
The tomahawk hits you!!
You die...

.................................
(.o..............................
.................................
.................................
........).....................#+#
.........o....................'∩+
...)................>.........#'#
.................................
................@................
.................................
#################################


You could see an orc warrior.

Vanquished Creatures
  The ghost of Psiweapon the Ducker, an experienced GrMo of Dithmenos (D:7)
  Joseph (D:7)
  Prince Ribbit (D:8)
  A hippogriff (D:6)
  A hungry ghost (D:8)
  3 phantoms
  An ice beast (D:8)
  A sky beast (D:8)
  An ogre (D:7)
  4 centaurs
  Sigmund (D:4)
  2 wights (D:8)
  4 killer bees
  2 crimson imps
  2 orc priests
  9 orc wizards
  2 gnoll shamans
  A centaur skeleton (D:4)
  A hound (D:3)
  An iguana (D:4)
  A jelly (D:8)
  5 worker ants
  Jessica (D:3)
  A hound zombie (D:5)
  10 gnolls
  18 adders
  A worm zombie (D:7)
  A shadow imp (D:8)
  An iguana skeleton (D:4)
  A giant gecko (D:4)
  27 orcs
  5 ball pythons
  4 giant cockroaches
  9 goblins
  12 hobgoblins
  9 jackals
  3 quokkas
  10 bats
  7 giant newts
  A giant spore (D:7)
  A goblin skeleton (D:5)
  A hobgoblin zombie (D:5)
  13 kobolds
  7 rats
  A ballistomycete (D:7)
190 creatures vanquished.

Notes
Turn   | Place    | Note
--------------------------------------------------------------
     0 | D:1      | BluebellGnoll, the Deep Elf Fire Elementalist, began the quest for the Orb.
     0 | D:1      | Reached XP level 1. HP: 10/10 MP: 5/5
   221 | D:1      | Reached XP level 2. HP: 15/15 MP: 3/8
   225 | D:1      | Learned a level 2 spell: Throw Flame
   279 | D:1      | Reached skill level 4 in Spellcasting
   803 | D:2      | Reached XP level 3. HP: 19/19 MP: 10/13
   808 | D:2      | Learned a level 3 spell: Conjure Flame
   812 | D:2      | Learned a level 3 spell: Inner Flame
   890 | D:2      | Reached skill level 5 in Spellcasting
  1050 | D:2      | Reached XP level 4. HP: 18/24 MP: 13/17
  1056 | D:2      | Learned a level 4 spell: Sticky Flame
  1264 | D:2      | Found an opulent altar of Gozag.
  1841 | D:3      | Reached XP level 5. HP: 26/28 MP: 19/19
  2420 | D:3      | Reached skill level 5 in Conjurations
  2517 | D:3      | Noticed Jessica
  2523 | D:3      | Killed Jessica
  2832 | D:3      | Reached XP level 6. HP: 32/32 MP: 12/21
  3773 | D:4      | Reached skill level 6 in Conjurations
  4414 | D:4      | Reached XP level 7. HP: 36/36 MP: 10/24
  4421 | D:4      | Learned a level 5 spell: Fireball
  4461 | D:4      | Noticed Sigmund
  4496 | D:4      | Killed Sigmund
  4496 | D:4      | Reached skill level 7 in Spellcasting
  4770 | D:5      | Entered Level 5 of the Dungeon
  4774 | D:5      | Found a glowing silver altar of Zin.
  4893 | D:5      | Found Cestuer's Book Boutique.
  5465 | D:5      | Reached skill level 8 in Conjurations
  5518 | D:6      | Reached XP level 8. HP: 41/41 MP: 13/26
  5998 | D:6      | Reached skill level 5 in Dodging
  6154 | D:6      | Found a deep blue altar of Sif Muna.
  6163 | D:6      | Became a worshipper of Sif Muna the Loreminder
  6441 | D:7      | Found a white marble altar of Elyvilon.
  6495 | D:7      | Found a sparkling altar of Nemelex Xobeh.
  6495 | D:7      | Found a shadowy altar of Dithmenos.
  6566 | D:7      | Reached skill level 9 in Conjurations
  6589 | D:7      | Reached skill level 1 in Hexes
  6880 | D:7      | Noticed Psiweapon's ghost (experienced GrMo)
  6917 | D:7      | Killed Psiweapon's ghost
  6917 | D:7      | Acquired Sif Muna's first power
  6917 | D:7      | Reached XP level 9. HP: 17/45 MP: 22/28
  6926 | D:7      | Learned a level 4 spell: Enslavement
  7177 | D:7      | Found a staircase to the Ecumenical Temple.
  7191 | Temple   | Entered the Ecumenical Temple
  7220 | D:7      | Noticed Joseph
  7433 | D:7      | Killed Joseph
  7818 | D:7      | Acquired Sif Muna's second power
  7818 | D:7      | Reached skill level 10 in Conjurations
  7961 | D:8      | Noticed Prince Ribbit
  7966 | D:8      | Killed Prince Ribbit
  8070 | D:8      | Found Amuicvan's Armour Emporium.
  8138 | D:8      | Got a crude shortbow
  8161 | D:8      | Reached skill level 10 in Spellcasting
  8436 | D:8      | Noticed Edmund
  8671 | D:8      | Hit by a tomahawk thrown by an orc warrior

Action                   |  1- 3 |  4- 6 |  7- 9 || total
-------------------------+-------+-------+-------++-------
Melee: Short sword       |    12 |    17 |    34 ||    63
       Dagger            |       |    21 |    27 ||    48
Throw: Stone             |       |     5 |       ||     5
       Javelin           |       |     2 |     4 ||     6
       Tomahawk          |       |       |     4 ||     4
 Cast: Flame Tongue      |    43 |   139 |   132 ||   314
       Conjure Flame     |     2 |     6 |     7 ||    15
       Throw Flame       |       |    17 |    70 ||    87
       Sticky Flame      |       |     2 |    16 ||    18
       Inner Flame       |       |     2 |     4 ||     6
       Fireball          |       |       |     3 ||     3
Evoke: Wand              |     1 |     1 |     1 ||     3
  Use: Scroll            |       |     9 |     8 ||    17
       Potion            |       |       |     1 ||     1
 Stab: Sleeping          |     7 |     4 |     7 ||    18
       Invisible         |       |       |     3 ||     3
       Confused          |       |       |     1 ||     1
